 Dungeon Crawl Stone Soup version 0.28-a0-29-g0adfcbb (webtiles) character file.

Game seed: 14655074454213129405

128 Illumine the Magician (level 5, -10/38 HPs)
             Began as a Djinni Fire Elementalist on July 27, 2021.
             Blown up by Ijyb (15 damage)
             ... with a mindburst bolt
             ... on level 3 of the Dungeon.
             The game lasted 00:04:05 (3283 turns).

Illumine the Magician (Djinni Fire Elementalist)    Turns: 3283, Time: 00:04:06

Health: -10/38     AC:  3    Str:  7    XL:     5   Next: 34%
Gold:   129        EV: 28    Int: 17    God:
                   SH:  0    Dex: 14

rFire   + + +      SeeInvis .   (no weapon)
rCold   x . .      Faith    .   (no shield)
rNeg    . . .      Spirit   .   a - +0 robe
rPois   ∞          Reflect  .   (no helmet)
rElec   .          Harm     .   p - +0 cloak
rCorr   .          Rampage  .   (no gloves)
Will    .....                   (boots unavailable)
Stlth   ++........              b - amulet of the acrobat
HPRegen 0.12/turn               k - ring of wizardry
MPRegen 0.00/turn               n - ring of protection from fire

@: acrobatic, flying
A: sickness immunity, fire resistance 2, cold vulnerability 1, float, innate
caster, hp casting, extra vitality 1
a: no special abilities


You were on level 3 of the Dungeon.
You visited 1 branch of the dungeon, and saw 4 of its levels.

You collected 129 gold pieces.

Inventory:

Missiles
 o - 2 curare-tipped darts
Armour
 a - a +0 robe (worn)
 p - a +0 cloak (worn)
Jewellery
 b - an amulet of the acrobat (around neck)
 i - a ring of resist corrosion
 k - a ring of wizardry (left hand)
 n - a ring of protection from fire (right hand)
Scrolls
 c - 3 scrolls of enchant weapon {unknown}
 d - 2 scrolls of identify {unknown}
 g - 2 scrolls of teleportation {unknown}
 h - a scroll of immolation {unknown}
 r - a scroll of fog {unknown}
Potions
 e - a potion of lignification {unknown}
 f - a potion of invisibility {unknown}
 j - 3 potions of curing {unknown}
 l - a potion of heal wounds {unknown}
 m - a potion of degeneration {unknown}
 q - a potion of resistance {unknown}


   Skills:
 + Level 1.9 Fighting
 + Level 3.3 Dodging
 - Level 1.6 Stealth
 * Level 3.5 Spellcasting


You couldn't memorise any spells.
You knew the following spells:

 Your Spells              Type           Power      Damage    Failure   Level
a - Foxfire               Conj/Fire      60%        2x1d7     1%          1
b - Conjure Flame         Conj/Fire      15%        6-21      4%          3
c - Inner Flame           Hex/Fire       15%        N/A       4%          3
d - Sticky Flame          Conj/Fire      15%        2d4       16%         4
e - Fireball              Conj/Fire      7%         3d5       38%         5
f - Sting                 Tmut/Pois      60%        1d6       1%          1
g - Corpse Rot            Necr/Air       N/A        N/A       2%          2
Your spell library was empty.

Dungeon Overview and Level Annotations

Branches:
Dungeon (4/15)
 Temple: D:4-7

Altars:

Annotations:
D:3 Ijyb


Innate Abilities, Weirdness & Mutations

You are immune to sickness and miasma.
You are immune to poison.
Your flesh is very heat resistant. (rF++)
You are vulnerable to cold. (rC-)
You float through the air rather than walking.
You learn spells naturally, not from books.
Your magical power is your life essence.
You have superior vitality. (+4 HP)


Message History

Confirm with . or Enter, or press ? or * to list all spells.
You conjure some foxfire!
The jackal closely misses you. x2
Casting: Foxfire (safe; 1% risk of failure)
Confirm with . or Enter, or press ? or * to list all spells.
You conjure some foxfire!
The foxfire hits the jackal.
You kill the jackal!
The foxfire hits Ijyb but does no damage.
The foxfire hits Ijyb but does no damage.
Ijyb screams, "No!
No, no, no, no!"
Ijyb completely misses you.
Unknown command.
Casting: Foxfire (safe; 1% risk of failure)
Confirm with . or Enter, or press ? or * to list all spells.
You conjure some foxfire!
Ijyb closely misses you.
The foxfire hits Ijyb but does no damage. x2
Ijyb misses you.
Unknown command.
Casting: Foxfire (safe; 1% risk of failure)
Confirm with . or Enter, or press ? or * to list all spells.
You conjure some foxfire!
Ijyb hits you but does no damage.
The foxfire hits Ijyb.
Ijyb is lightly wounded.
The foxfire hits Ijyb.
Ijyb is moderately wounded.
Ijyb zaps a wand.
Your mind is blasted!
Casting: Foxfire (safe; 1% risk of failure)
Confirm with . or Enter, or press ? or * to list all spells.
You conjure some foxfire!
Ijyb hits you with a +0 dagger.
The foxfire hits Ijyb but does no damage.
Ijyb is moderately wounded.
The foxfire hits Ijyb.
Ijyb is heavily wounded.
Ijyb zaps a wand.
Your mind is blasted!
* * * LOW HITPOINT WARNING * * *
Ijyb hits you but does no damage.
You fly upwards.
There is a stone staircase leading down here.
Unknown command.
Ijyb zaps a wand.
Your mind is blasted!
You die...

#####.#.................#.).....
#.....####........##....#.."#...
#.................##........##..
#..........###....##........##..
#.................##........##..
#................###........##..
##.....###...g)..###........##..
#.....# ###..>.............''..
#.....# #..†@.###........##..
#.....# #.....#..........####
#.....# ###.....#>.....##......
#.....###.......#.........####.
#.......#.......#.........#..'.
##........................#.##.
#........................#....
###...........................
#...........................


You could see Ijyb.

Vanquished Creatures
  Robin (D:3)
  A gnoll (D:1)
  2 adders
  A worm (D:2)
  A dart slug (D:3)
  3 orcs (D:3)
  5 ball pythons
  4 endoplasms
  14 goblins
  15 hobgoblins
  6 jackals
  3 quokkas
  5 bats
  A frilled lizard (D:1)
  5 kobolds
  5 rats
72 creatures vanquished.

Vanquished Creatures (others)
  236 foxfires
  2 plants (D:1)
238 creatures vanquished.

Grand Total: 310 creatures vanquished

Notes
Turn   | Place    | Note
-------+----------+-------------------------------------------
     0 | D:1      | Illumine the Djinni Fire Elementalist began the quest for
                  | the Orb.
     0 | D:1      | Reached XP level 1. HP: 15/15 MP: 0/0
   130 | D:1      | Reached XP level 2. HP: 16/22 MP: 0/0
   310 | D:1      | Found a faded altar of an unknown god.
   337 | D:1      | Reached XP level 3. HP: 25/26 MP: 0/0
   337 | D:1      | Learned a level 1 spell: Sting
   504 | D:1      | Reached skill level 1 in Fighting
  1523 | D:2      | Reached XP level 4. HP: 31/32 MP: 0/0
  2201 | D:3      | Noticed Robin
  2585 | D:3      | Killed Robin
  2586 | D:3      | Reached XP level 5. HP: 26/38 MP: 0/0
  2586 | D:3      | Learned a level 2 spell: Corpse Rot
  3183 | D:4      | Noticed Ijyb
  3283 | D:3      | Blown up by Ijyb

Illustrated notes

Levels and vault maps discovered:
D:1:      minmay_arrival_checkered_box, layout_basic,
          chequers_ecumenical_altar_island, serial_bayou_lagoon_b
D:2:      layout_basic, minmay_curled_crystal, mrwooster_statue_mirror
D:3:      layout_basic, guppyfry_early_orc_mine, uniq_robin
D:4:      minmay_wonky_spiral, layout_basic, marbit_many_paths,
          roderic_serpentine_path, st_stairs_3, uniq_pikel, uniq_natasha,
          uniq_ijyb

Skill      XL: |  1  2  3  4 |
---------------+-------------+-----
Fighting       | 1 |  1.9
Spellcasting   | 3 |  3.5
Dodging        | 3 |  3.3
Stealth        | |  1.6

Action                   |  1- 3 |  4- 6 || total
-------------------------+-------+-------++-------
Melee: Unarmed           |       |     2 ||     2
 Cast: Foxfire           |    53 |    85 ||   138
Armor: Robe              |       |     7 ||     7
Dodge: Dodged            |     2 |    38 ||    40

Table legend: (Time is in decaauts)
 A = Elapsed time spent in this place.
 B = Non-inter-level travel time spent in this place.
 C = Inter-level travel time spent in this place.
 D = Time resting spent in this place.
 E = Time spent auto-exploring this place.
 F = Levels seen in this place.
 G = Mean time per level.
                   A        B        C        D        E       F      G
               +--------+--------+--------+--------+--------+-----+--------+
         Total |   3283 |   3237 |     46 |    342 |   2410 |   4 |  820.8 |
       Dungeon |   3283 |   3237 |     46 |    342 |   2410 |   4 |  820.8 |
               +--------+--------+--------+--------+--------+-----+--------+

Top non-repeatable levels by time:
     D:1: 1215 daAuts
     D:2: 1026 daAuts
     D:3: 1016 daAuts
     D:4: 26 daAuts
